 Dungeon Crawl Stone Soup version 0.23.2-33-g5129a83 (webtiles) character file.

Game seed: 6161860281411607017

29 Arctor the Grave Robber (level 3, -2/24 HPs)
             Began as a Mummy Necromancer on July 1, 2019.
             Slain by a worm (6 damage)
             ... on level 2 of the Dungeon.
             The game lasted 00:03:29 (751 turns).

Arctor the Grave Robber (Mummy Necromancer)          Turns: 751, Time: 00:03:30

Health: -2/24      AC:  3    Str: 11    XL:     3   Next: 1%
Magic:  1/7        EV: 11    Int: 15    God:
Gold:   16         SH:  0    Dex: 12    Spells: 5/7 levels left

rFire    . . .     SeeInvis .   b - +0 dagger
rCold    + . .     Gourm    .   (no shield)
rNeg     + + +     Faith    .   c - +0 leather armour {rC+}
rPois    ∞         Spirit   .   (no helmet)
rElec    .         Reflect  .   (no cloak)
rCorr    .         Harm     .   (no gloves)
MR       .....                  (no boots)
Stlth    +.........             (no amulet)
HPRegen  0.08/turn              h - ring of fire
MPRegen  0.10/turn              (no ring)

@: no status effects
A: no food or potions, fire vulnerability, cold resistance 1, negative energy
resistance 3, torment resistance, unbreathing
a: no special abilities


You were on level 2 of the Dungeon.
You were not hungry.

You visited 1 branch of the dungeon, and saw 2 of its levels.

You collected 16 gold pieces.

Inventory:

Hand Weapons
 b - a +0 dagger (weapon)
 d - a +0 club
Armour
 a - a +0 robe
 c - a +0 leather armour of cold resistance (worn)
Jewellery
 h - a ring of fire (left hand)
Scrolls
 f - 3 scrolls of identify


   Skills:
 - Level 1.5 Dodging
 - Level 1.5 Stealth
 - Level 2.6 Spellcasting
 + Level 5.0 Necromancy


You had 5 spell levels left.
You knew the following spells:

 Your Spells              Type           Power        Failure   Level  Hunger
a - Pain                  Necr           ###.         3%          1    N/A
b - Animate Skeleton      Necr           N/A          3%          1    N/A

Your spell library contained the following spells:

 Spells                   Type           Power        Failure   Level  Hunger
 Vampiric Draining        Necr           ###.......   11%         3    N/A
 Animate Dead             Necr           N/A          34%         4    N/A
 Regeneration             Chrm/Necr      Unusable     N/A         3    N/A

Dungeon Overview and Level Annotations

Branches:
Dungeon (2/15)

Altars:


Innate Abilities, Weirdness & Mutations

You do not eat or drink.
Your flesh is vulnerable to fire.
You are immune to poison.
Your flesh is cold resistant. (rC+)
You are immune to negative energy. (rN+++)
You are immune to unholy pain and torment.
You can survive without breathing.


Message History

You hit the worm.
The worm is severely wounded.
You hit the worm.
The worm is severely wounded.
The worm completely misses you.
You hit the worm.
The worm is severely wounded.
You hit the worm but do no damage.
The worm is severely wounded.
The worm closely misses you.
You barely miss the worm.
The worm is severely wounded.
The worm bites you.
* * * LOW HITPOINT WARNING * * *
You hit the worm.
The worm is severely wounded.
You hit the worm but do no damage.
The worm is severely wounded.
The worm bites you.
You die...

#......#...# #...#
###l.)...##..###...##
#...........>..'...+.
#.#...........##...##
#........(....##.....
..##.........##.....
#..........####...
###.l......# #...
#@ws.......# #...
####..###### ####
...# ...# ..## .# ##


You could see a worm, a giant cockroach and a frilled lizard.

Vanquished Creatures
  An ooze (D:1)
  A dart slug (D:2)
  2 bats
  3 giant cockroaches
  4 goblins (D:1)
  3 hobgoblins (D:1)
  A kobold (D:1)
  A ball python (D:1)
  2 rats (D:1)
18 creatures vanquished.

Vanquished Creatures (collateral kills)
  A dart slug (D:1)
1 creature vanquished.

Grand Total: 19 creatures vanquished

Notes
Turn   | Place    | Note
-------+----------+-------------------------------------------
     0 | D:1      | Arctor the Mummy Necromancer began the quest for the Orb.
     0 | D:1      | Reached XP level 1. HP: 13/13 MP: 4/4
   105 | D:1      | Reached XP level 2. HP: 19/19 MP: 1/5
   172 | D:1      | Learned a level 1 spell: Animate Skeleton
   699 | D:2      | Reached skill level 5 in Necromancy
   739 | D:2      | Reached XP level 3. HP: 11/24 MP: 0/7
   751 | D:2      | Slain by a worm

Skill      XL: |  1  2 |
---------------+-------+-----
Necromancy     | 5 |  5.0
Dodging        | |  1.5
Stealth        | |  1.5
Spellcasting   | |  2.6

Action                   || total
-------------------------++-------
Melee: Dagger            ||    62
 Cast: Pain              ||    28
       Animate Skeleton  ||     1
  Use: Scroll            ||     4
 Stab: Sleeping          ||     2
Armor: Leather armour    ||    10
Dodge: Dodged            ||    53
